Map: Terrasses de Prion

Players

Jarvis

  • Race: Zerg Zerg
  • League: Diamond

Worming - Winner!

  • Race: Zerg Zerg
  • League: Diamond

VOD

Have the link to the VOD?

Description

Time

  • Played on: Jan. 5, 2016, 1:12 p.m.
  • Length: 6:30
Show
View Real Time Build Order
Export as new Build Order

Jarvis Zerg 

Build Orders: Pool First, Zergling Baneling 

Get SALT Encoding   

  12  0:02  Drone  
  13  0:07  Extractor  
  12  0:25  Spawning Pool  
  12  0:35  Drone  
  12  0:38  Drone  
  13  0:43  Drone  
  14  0:55  Overlord  
  14  1:11  Metabolic Boost  
  14  1:13  Zergling x2  
  14  1:14  Zergling x2  
  16  1:19  Zergling x2  
  17  1:32  Baneling Nest  
  16  1:37  Zergling x2  
  17  1:40  Zergling x2  
  18  1:50  Queen  
  20  1:55  Zergling x2  
  21  2:05  Overlord  
  21  2:15  Baneling x3  
  21  2:17  Zergling x2  
  22  2:30  Zergling x2  
  22  2:36  Zergling x2  
  22  2:54  Zergling x2  
  19  2:59  Zergling x8  
  19  3:05  Baneling x2  
  23  3:09  Zergling x2  
  23  3:10  Baneling  
  24  3:22  Zergling x2  
  25  3:32  Zergling x8  
  25  3:47  Zergling x2  
  24  4:06  Zergling x4  
  24  4:09  Baneling x2  
  18  4:31  Zergling x8  
  22  4:33  Baneling  
  22  4:34  Baneling  
  22  4:37  Zergling x2  
  22  5:04  Zergling x8  
  22  5:06  Baneling  
  25  5:07  Baneling x3  
  25  5:14  Zergling x2  
  25  5:19  Zergling x2  
  25  5:20  Hatchery  
  21  5:40  Zergling x6  
  21  5:41  Baneling x2  
  19  5:57  Zergling x6  
  22  6:05  Overlord  
Show
View Real Time Build Order
Export as new Build Order

Worming Zerg - Winner!

Build Orders: Pool First, Zergling Baneling 

Get SALT Encoding   

  12  0:01  Drone  
  13  0:12  Overlord  
  13  0:20  Drone  
  14  0:30  Drone x2  
  16  0:35  Drone  
  17  0:48  Drone  
  17  0:49  Spawning Pool  
  17  0:54  Extractor  
  17  0:55  Drone  
  17  1:19  Drone  
  17  1:20  Drone  
  17  1:22  Hatchery  
  18  1:29  Overlord  
  18  1:41  Queen  
  18  1:44  Zergling x2  
  21  1:57  Zergling x2  
  21  2:00  Metabolic Boost  
  22  2:04  Zergling x2  
  23  2:09  Spine Crawler  
  22  2:16  Zergling x2  
  23  2:23  Baneling Nest  
  22  2:30  Zergling x2  
  15  2:59  Drone x8  
  23  3:09  Baneling x3  
  23  3:15  Spine Crawler  
  22  3:20  Zergling x2  
  23  3:27  Overlord  
  23  3:29  Zergling x2  
  23  3:43  Baneling x2  
  23  3:47  Zergling x2  
  23  3:48  Zergling x2  
  24  4:12  Drone x6  
  26  4:30  Zergling x4  
  28  4:33  Baneling x2  
  28  4:34  Queen, Drone  
  31  4:43  Zergling x2  
  32  4:46  Zergling x4  
  34  4:57  Baneling, Zergling x4  
  33  5:07  Queen, Overlord  
  33  5:10  Queen  
  33  5:11  Zergling x2  
  38  5:18  Extractor  
  38  5:20  Baneling  
  37  5:22  Zergling x4  
  37  5:24  Spine Crawler  
  37  5:26  Spine Crawler  
  28  5:45  Drone x3  
  30  5:57  Zergling x10  
  30  5:59  Baneling x2  
  30  6:00  Baneling x2  
Tags
 
Add a new tag
Caveats
  • Supply blocks, unpowered buildings, or Contaminate may cause inaccurate times.
  • Supply counts are checked every 10 seconds.